 Dungeon Crawl Stone Soup version 0.29.1-13-g9f3cf754e1 (webtiles) character file.

Game seed: 4479950000747718273

1144 FaviusArthum the Magician (level 8, -2/42 HPs)
             Began as a Deep Elf Conjurer on Jan 18, 2023.
             Was a Follower of Sif Muna.
             Slain by a sky beast (6 damage)
             ... on level 6 of the Dungeon on Jan 19, 2023.
             The game lasted 00:23:30 (8550 turns).

FaviusArthum the Magician (Deep Elf Conjurer)       Turns: 8550, Time: 00:23:31

Health: -2/42      AC:  3    Str:  4    XL:     8   Next: 15%
Magic:  13/21      EV: 13    Int: 26    God:    Sif Muna [*.....]
Gold:   294        SH:  0    Dex: 13    Spells: 15/22 levels left

rFire   . . .      SeeInvis .   t - +2 short sword (vamp)
rCold   + . .      Faith    .   (no shield)
rNeg    . . .      Spirit   .   a - +0 robe
rPois   .          Reflect  .   (no helmet)
rElec   .          Harm     .   (no cloak)
rCorr   .          Rampage  .   (no gloves)
Will    .....                   w - +0 pair of boots
Stlth   +++.......              (no amulet)
HPRegen 0.14/turn               s - ring of protection from cold
MPRegen 0.17/turn               (no ring)

@: about to teleport
A: no striking features
a: Renounce Religion, Channel Magic


You were on level 6 of the Dungeon.
You worshipped Sif Muna.
Sif Muna was aware of your devotion.
You visited 2 branches of the dungeon, and saw 7 of its levels.

You collected 333 gold pieces.
You spent 39 gold pieces at shops.

Inventory:

Hand Weapons
 d - a +0 dagger
 t - a +2 vampiric short sword (weapon)
 C - a +1 spear of venom
Armour
 a - a +0 robe (worn)
 w - a +0 pair of boots (worn)
Jewellery
 s - a ring of protection from cold (left hand)
Wands
 y - a wand of acid (12)
 z - a wand of iceblast (5)
 A - a wand of flame (25)
Scrolls
 c - a scroll of teleportation
 e - a scroll of magic mapping
 f - a scroll of silence {unknown}
 h - a scroll of brand weapon
 i - 2 scrolls of enchant weapon {unknown}
 j - a scroll of vulnerability {unknown}
 k - a scroll of fear {unknown}
 n - 2 scrolls of noise
 p - 2 scrolls of butterflies
 q - a scroll of summoning {unknown}
 r - a scroll of amnesia {unknown}
 u - a scroll of blinking {unknown}
 x - a scroll of identify
Potions
 b - a potion of magic
 g - 6 potions of curing {unknown}
 l - a potion of invisibility {unknown}
 m - 2 potions of ambrosia {unknown}
 o - 3 potions of brilliance {unknown}
 v - a potion of resistance {unknown}
 B - 2 potions of haste {unknown}


   Skills:
 + Level 0.9 Fighting
 + Level 1.0 Short Blades
 + Level 3.1 Dodging
 + Level 4.2 Stealth
 + Level 7.9 Spellcasting
 + Level 7.5 Conjurations
 * Level 5.1 Hexes


You had 15 spell levels left.
You knew the following spells:

 Your Spells              Type           Power      Damage    Failure   Level
a - Magic Dart            Conj           100%       1d8       1%          1
b - Searing Ray           Conj           98%        2d8       1%          2
c - Fulminant Prism       Conj/Hex       21%        3d13      4%          4

Your spell library contained the following spells:

 Spells                   Type           Power      Damage    Failure   Level
 Dazzling Flash           Conj/Hex       86%        N/A       1%          3
 Iskenderun's Mystic Bla  Conj/Tloc      29%        2d7       12%         4


Dungeon Overview and Level Annotations

Branches:
Dungeon (6/15)             Temple (1/1) D:4

Altars:
Cheibriados
Dithmenos
Elyvilon
Fedhas
Gozag
Hepliaklqana
Kikubaaqudgha
Nemelex Xobeh
Qazlal
Sif Muna
Trog
Uskayaw
Vehumet
Xom
Yredelemnul
Zin

Shops:
D:2 ?(   D:3 !   D:4 (

Annotations:
D:3 Sigmund


Message History

Press: ? - help, Shift-Dir - straight line, f - adder
Aim: an adder (72% to hit)
The searing ray hits the adder!
You kill the adder!
Sif Muna accepts your kill. (Press . to maintain the ray.)
The sky beast flickers out of sight!
Deactivating autopickup; reactivate with Ctrl-A.
There is a stone staircase leading up here.
You see here an adder corpse.
Something hits you but does no damage.
A centaur comes into view.
Casting: Searing Ray (safe; 1% risk of failure)
Confirm with . or Enter, or press ? or * to list all spells.
Aiming: Fulminant Prism (dangerous; 4% risk of failure)
Press: ? - help, Dir - move target You conjure a prism of explosive energy!
A fulminant prism comes into view.
The centaur wields a +0 shortbow.
The centaur shoots an arrow.
The arrow hits your fulminant prism. Something hits you. Something shocks you.
Something hits you. Something shocks you.
Your fulminant prism crackles loudly.
Something hits you but does no damage.
You hear an explosion!
There is a stone staircase leading up here.
You see here an adder corpse.
Something hits you. Something shocks you.
Something hits you but does no damage.
You start resting.
Something hits you. Something shocks you.
* * * LOW HITPOINT WARNING * * *
You start resting.
Something hits you.
* * * LOW HITPOINT WARNING * * *
Something shocks you.
* * * LOW HITPOINT WARNING * * *
You hit something.
You feel better. Something hits you but does no damage.
As you read the scroll of teleportation, it crumbles to dust.
You feel strangely unstable. Something hits you.
* * * LOW HITPOINT WARNING * * *
Something shocks you.
You die...

### #.. #.# #.#
. ... #. #.#
##.. #.# #.#.##
#@# ......##.#
.......#<#
.).......#.###.
...........*.c.#
................
............####
............#
......##.##...


There were no monsters in sight!

Vanquished Creatures
  A water moccasin (D:5)
  An ogre (D:5)
  A phantom (D:5)
  3 scorpions (D:5)
  5 killer bees (D:5)
  3 hounds (D:5)
  2 gnoll boudas (D:5)
  A jelly (D:6)
  An orc wizard (D:5)
  2 iguanas (D:5)
  8 gnolls (D:5)
  7 adders
  2 ufetubi
  5 dart slugs
  4 orcs
  A ball python (D:4)
  9 endoplasms
  3 giant cockroaches
  8 goblins
  6 hobgoblins
  3 jackals
  11 kobolds
  5 quokkas
  11 bats
  4 frilled lizards
  4 rats
111 creatures vanquished.

Vanquished Creatures (others)
  3 demonic plants (D:1)
  10 fulminant prisms
  5 fungi (D:1)
  3 plants (D:1)
  4 withered plants (D:1)
25 creatures vanquished.

Grand Total: 136 creatures vanquished

Notes
Turn   | Place    | Note
-------+----------+-------------------------------------------
     0 | D:1      | FaviusArthum the Deep Elf Conjurer began the quest for the
                  | Orb.
     0 | D:1      | Reached XP level 1. HP: 10/10 MP: 6/6
    21 | D:1      | Upgraded the game from 0.29.1-12-g30fa7ad0bf to
                  | 0.29.1-13-g9f3cf754e1
   120 | D:1      | Reached XP level 2. HP: 15/15 MP: 1/8
   292 | D:1      | Learned a level 2 spell: Searing Ray
   357 | D:1      | Reached skill level 5 in Conjurations
   655 | D:1      | Reached XP level 3. HP: 19/19 MP: 6/9
   707 | D:1      | Found a faded altar of an unknown god.
  1529 | D:2      | Found Lafuxkid's Antique Weapon Shoppe.
  2135 | D:2      | Found Nanihaq's Magic Scroll Shop.
  2141 | D:2      | Bought a scroll of teleportation for 39 gold pieces
  2309 | D:2      | Found a snail-covered altar of Cheibriados.
  2752 | D:3      | Reached XP level 4. HP: 22/24 MP: 8/12
  2815 | D:3      | Learned a level 4 spell: Fulminant Prism
  2847 | D:3      | Noticed Sigmund
  3025 | D:3      | Found Doatsud's Distillery.
  3465 | D:3      | Identified the +0 ring mail of Apathy {rCorr Int+4 Stlth+}
  3923 | D:4      | Reached XP level 5. HP: 26/28 MP: 7/13
  4127 | D:4      | Found a sand-covered staircase.
  4142 | D:4      | Reached skill level 1 in Hexes
  4208 | D:4      | Found a staircase to the Ecumenical Temple.
  4216 | Temple   | Entered the Ecumenical Temple
  4224 | Temple   | Became a worshipper of Sif Muna the Loreminder
  4539 | D:4      | Found Jiphe's Antique Weapon Shop.
  5203 | D:5      | Entered Level 5 of the Dungeon
  5339 | D:5      | Noticed a phantom
  5354 | D:5      | Killed a phantom
  5355 | D:5      | Reached skill level 5 in Spellcasting
  5646 | D:5      | Reached XP level 6. HP: 32/32 MP: 11/16
  5959 | D:5      | Noticed a water moccasin
  6277 | D:5      | Reached XP level 7. HP: 33/36 MP: 11/18
  7704 | D:5      | Reached skill level 1 in Short Blades
  7846 | D:5      | Reached XP level 8. HP: 42/42 MP: 14/21
  8291 | D:5      | Reached * piety under Sif Muna
  8537 | D:6      | Reached skill level 5 in Hexes
  8550 | D:6      | Slain by a sky beast

Illustrated notes

Levels and vault maps discovered:
D:1:      minmay_arrival_three_doors, layout_basic,
          shapermc_ecumenical_altar_gd, serial_bayou_crossing
D:2:      minmay_diamond_boxcup, layout_loops_corners, basic_altar,
          serial_shops, nicolae_shop_advertising_works
          [nicolae_subvault_shop_adworks], shop_fountains
D:3:      layout_loops_cross, serial_shops, shop, uniq_sigmund
D:4:      layout_basic, minmay_temple_entry_fiery, nicolae_ossuary_entry_ruins,
          serial_shops, nicolae_shop_overgrown_old_shop
D:5:      layout_loops_ring, lemuel_flame_loot_1
D:6:      layout_loops_ring, grunt_temple_overflow_open
Temple:   compressed_dpeg_triangle_lava_temple

Skill      XL: |  1  2  3  4  5  6  7  8 |
---------------+-------------------------+-----
Conjurations   | 5 6 7 |  7.5
Spellcasting   | 4 5 6 7 |  7.9
Stealth        | 3 4 |  4.2
Hexes          | 2 3 4 5 |  5.1
Dodging        | 3 |  3.1
Short Blades   | 1 |  1.0
Fighting       | |  0.9

Action                   |  1- 3 |  4- 6 |  7- 9 || total
-------------------------+-------+-------+-------++-------
Melee: Dagger            |     1 |     3 |       ||     4
       Short sword       |       |    15 |     5 ||    20
 Cast: Magic Dart        |    68 |    57 |    28 ||   153
       Searing Ray       |    17 |    41 |    20 ||    78
       Fulminant Prism   |       |       |    10 ||    10
  Use: Scroll            |     3 |     3 |     3 ||     9
Armor: Robe              |     2 |     7 |    11 ||    20
Dodge: Dodged            |     8 |    27 |     9 ||    44
